[Event "35th Cannes FIJ Open 2022"]
[Site "Cannes"]
[Date "2022.02.21"]
[Round "1.4"]
[White "Lazo, Andrei"]
[Black "Valsecchi, Alessio"]
[Result "0-1"]
[ECO "A64"]
[WhiteElo "2254"]
[BlackElo "2524"]
[Annotator "ChessBase"]
[PlyCount "126"]
[EventDate "2022.02.21"]
[EventType "swiss"]
[EventCountry "FRA"]
[SourceTitle "playchess.com"]
[Source "ChessBase"]
[SourceQuality "1"]
[TimeControl "40/5400+30:1800+30"]

1. d4 Nf6 2. c4 e6 3. Nf3 c5 4. d5 exd5 5. cxd5 d6 6. Nc3 g6 7. g3 Bg7 8. Bg2 O-O 9. O-O a6 10. a4 Re8 11. Nd2 Nbd7 12. h3 Rb8 13. Nc4 Ne5 14. Na3 Nh5 15. e4 Bd7 16. a5 Qxa5 17. g4 Nf6 18. f4 Nexg4 19. hxg4 Nxg4 20. f5 h5 21. Qf3 Qd8 22. Nc2 Qe7 23. Qg3 Be5 24. Bf4 g5 25. Bxe5 Qxe5 26. Qxe5 Nxe5 27. Ne3 f6 28. Bf3 h4 29. Be2 Kg7 30. b3 Nf7 31. Bh5 Bb5 32. Bxf7 Kxf7 33. Nc4 Ke7 34. Rfe1 Bd7 35. Nb6 Kd8 36. Kf2 Rh8 37. Nxd7 Kxd7 38. Rh1 Rbg8 39. Ke3 Rh7 40. Rag1 Re8 41. Kf3 Kc7 42. Ra1 g4+ 43. Kxg4 Rg8+ 44. Kf4 h3 45. Rh2 Rg2 46. Rah1 Rxh2 47. Rxh2 b5 48. Kg3 Re7 49. Re2 Kb6 50. Kxh3 c4 51. bxc4 bxc4 52. Kg4 Kc5 53. Kf4 Rh7 54. Ra2 Kb4 55. Rxa6 Kxc3 56. Rxd6 Rh4+ 57. Kf3 Kd3 58. Re6 c3 59. d6 c2 60. d7 Rf4+ 61. Kg3 c1=Q 62. d8=Q+ Ke2 63. Qd4 Rf3+ 0-1

[Event "35th Cannes FIJ Open 2022"]
[Site "Cannes"]
[Date "2022.02.21"]
[Round "1.8"]
[White "Gueci, Tea"]
[Black "Nikolov, Momchil"]
[Result "0-1"]
[ECO "B28"]
[WhiteElo "2235"]
[BlackElo "2501"]
[Annotator "ChessBase"]
[PlyCount "92"]
[EventDate "2022.02.21"]
[EventType "swiss"]
[EventCountry "FRA"]
[SourceTitle "playchess.com"]
[Source "ChessBase"]
[SourceQuality "1"]
[TimeControl "40/5400+30:1800+30"]

1. e4 c5 2. Nf3 a6 3. c3 d5 4. exd5 Nf6 5. Be2 Nxd5 6. O-O Nc6 7. d4 e6 8. c4 Nf6 9. Be3 cxd4 10. Nxd4 Bd7 11. Nb3 Qc7 12. Nc3 Bd6 13. h3 Ne7 14. Rc1 Rd8 15. Qc2 O-O 16. Rfd1 Nf5 17. Bg5 h6 18. Bxf6 gxf6 19. Bd3 Nh4 20. Ne4 Be7 21. Qd2 Kg7 22. Ng3 f5 23. c5 Bc6 24. Qc3+ Kh7 25. Bf1 Rg8 26. Rxd8 Bxd8 27. Nd4 Bd5 28. Qd3 Qe5 29. Rd1 Bc7 30. Rd2 Rg6 31. Re2 Qg7 32. Re3 Bf4 33. Nde2 Bxe3 34. Qxe3 Qxb2 35. Nf4 Bxa2 36. Nxg6 Nxg6 37. Qd3 Bd5 38. Nh5 Qe5 39. Ng3 Bc6 40. Qc2 f4 41. Ne2 f3 42. gxf3 Bxf3 43. Ng3 Kg7 44. Qb3 Bc6 45. Qb4 Kg8 46. Qb6 Qd5 0-1

[Event "35th Cannes FIJ Open 2022"]
[Site "Cannes"]
[Date "2022.02.22"]
[Round "3.5"]
[White "Boyer, Mahel"]
[Black "Travadon, Loic"]
[Result "1-0"]
[ECO "B30"]
[WhiteElo "2407"]
[BlackElo "2459"]
[Annotator "ChessBase"]
[PlyCount "143"]
[EventDate "2022.02.21"]
[EventType "swiss"]
[EventCountry "FRA"]
[SourceTitle "playchess.com"]
[Source "ChessBase"]
[SourceQuality "1"]
[TimeControl "40/5400+30:1800+30"]

1. e4 c5 2. Nf3 Nc6 3. Bc4 a6 4. O-O b5 5. Be2 Nf6 6. d3 e6 7. a4 Rb8 8. axb5 axb5 9. c3 Be7 10. Nbd2 d5 11. e5 Nd7 12. d4 f6 13. exf6 Bxf6 14. dxc5 Nxc5 15. Nb3 Nxb3 16. Qxb3 O-O 17. Bf4 e5 18. Bg3 Be6 19. Rfe1 Bf7 20. Bf1 Re8 21. Ra6 Qc8 22. Qa3 h6 23. h3 Qb7 24. Ra1 Rec8 25. Re1 Re8 26. Ra1 Kh8 27. Qd6 Rbc8 28. Qc5 Nd4 29. Qa7 Nxf3+ 30. gxf3 Rb8 31. R1a5 Re7 32. Qc5 Rc7 33. Qxb5 Qxb5 34. Rxb5 Rxb5 35. Bxb5 Rb7 36. Ra8+ Kh7 37. Bd3+ Bg6 38. Bxg6+ Kxg6 39. Ra5 Rd7 40. Kf1 Kf5 41. Rb5 g5 42. b4 h5 43. Rc5 Be7 44. Ra5 h4 45. Bh2 Bf6 46. Rc5 Ke6 47. c4 d4 48. Ke2 Ra7 49. Ra5 Rxa5 50. bxa5 Bd8 51. a6 Bb6 52. f4 gxf4 53. f3 Kd6 54. Kd3 Kc6 55. Bg1 Bd8 56. c5 Be7 57. Bf2 Bxc5 58. Bxh4 Kd5 59. Bd8 e4+ 60. fxe4+ Kc6 61. Bh4 f3 62. Bf2 Kb6 63. h4 Kxa6 64. h5 Kb7 65. e5 Kc6 66. h6 Bf8 67. h7 Bg7 68. Kxd4 Kd7 69. Kd5 Ke7 70. Bh4+ Kf7 71. e6+ Ke8 72. Ke4 1-0

[Event "35th Cannes FIJ Open 2022"]
[Site "Cannes"]
[Date "2022.02.24"]
[Round "5.2"]
[White "Boyer, Mahel"]
[Black "Razafindratsima, Timothe"]
[Result "1-0"]
[ECO "A04"]
[WhiteElo "2407"]
[BlackElo "2386"]
[Annotator "RC"]
[PlyCount "153"]
[EventDate "2022.02.21"]
[EventType "swiss"]
[EventCountry "FRA"]
[SourceTitle "playchess.com"]
[Source "ChessBase"]
[SourceQuality "1"]
[TimeControl "40/5400+30:1800+30"]

1. Nf3 c5 2. c4 Nc6 3. Nc3 g6 4. e3 Nf6 5. d4 cxd4 6. exd4 d5 7. cxd5 Nxd5 8. Qb3 Nxc3 9. Bc4 e6 10. bxc3 Bd7 11. Be2 Qc7 12. O-O Bg7 13. Ba3 Na5 14. Qb2 O-O-O 15. Be7 Rde8 16. Bh4 f6 17. Bg3 e5 18. Rfd1 Ba4 19. Re1 Kb8 20. Rab1 Ka8 21. h3 Bd7 22. Bf1 Re6 23. c4 Rb6 24. Qc3 Rxb1 25. Rxb1 Re8 26. c5 Bc6 27. Bb5 Bxb5 28. Rxb5 Nc6 29. d5 Nb8 30. Qc4 a6 31. Rb1 Qf7 32. Nd2 Rd8 33. Qb3 Bf8 34. c6 bxc6 35. Qb6 Re8 36. dxc6 Qa7 37. Nc4 Bc5 38. Qb3 Nxc6 39. Qf3 e4 40. Qxf6 Qd7 41. Nb6+ Bxb6 42. Rxb6 Re6 43. Qb2 Qc8 44. Qa3 Nd8 45. Rb8+ Qxb8 46. Bxb8 Kxb8 47. Qb2+ Kc8 48. Qc3+ Rc6 49. Qe3 Re6 50. Qc5+ Kb7 51. Qd5+ Kc7 52. g4 Kc8 53. g5 Kc7 54. h4 Kc8 55. Qa8+ Kc7 56. Qa7+ Nb7 57. Qd4 Re7 58. Qc4+ Kd6 59. Qxa6+ Kd5 60. a4 Nc5 61. Qb6 Rb7 62. Qd8+ Kc4 63. Qe8 Rd7 64. Qc8 Ra7 65. Qc6 Rxa4 66. Qc7 Ra6 67. Qxh7 Ra1+ 68. Kh2 Kd3 69. Qxg6 Nb3 70. Qd6+ Nd4 71. g6 e3 72. fxe3 Kxe3 73. Qe5+ Kd3 74. Qg3+ Ke4 75. g7 Nf3+ 76. Qxf3+ Kxf3 77. g8=Q 1-0

[Event "35th Cannes FIJ Open 2022"]
[Site "Cannes"]
[Date "2022.02.24"]
[Round "6.1"]
[White "Godena, Michele"]
[Black "Boyer, Mahel"]
[Result "1/2-1/2"]
[ECO "C09"]
[WhiteElo "2442"]
[BlackElo "2407"]
[Annotator "RC"]
[PlyCount "44"]
[EventDate "2022.02.21"]
[EventType "swiss"]
[EventCountry "FRA"]
[SourceTitle "playchess.com"]
[Source "ChessBase"]
[SourceQuality "1"]
[TimeControl "40/5400+30:1800+30"]

1. e4 e6 2. d4 d5 3. Nd2 c5 4. Ngf3 Nc6 5. exd5 exd5 6. Bb5 Qe7+ 7. Be2 Qc7 8. dxc5 Bxc5 9. Nb3 Bb6 10. Nfd4 Nf6 11. Be3 a6 12. c3 O-O 13. Nc2 Rd8 14. O-O Bxe3 15. Nxe3 Qb6 16. Qc2 Be6 17. Rfd1 d4 18. Nxd4 Nxd4 19. cxd4 Rxd4 20. Rxd4 Qxd4 21. Rd1 Qb6 22. b3 h6 1/2-1/2

[Event "35th Cannes FIJ Open 2022"]
[Site "Cannes"]
[Date "2022.02.24"]
[Round "6.6"]
[White "Valsecchi, Alessio"]
[Black "Razafindratsima, Timothe"]
[Result "1/2-1/2"]
[ECO "B50"]
[WhiteElo "2524"]
[BlackElo "2386"]
[Annotator "RC"]
[PlyCount "107"]
[EventDate "2022.02.21"]
[EventType "swiss"]
[EventCountry "FRA"]
[SourceTitle "playchess.com"]
[Source "ChessBase"]
[SourceQuality "1"]
[TimeControl "40/5400+30:1800+30"]

1. e4 c5 2. Nf3 d6 3. Bc4 Nf6 4. e5 dxe5 5. Nxe5 e6 6. Qe2 Bd6 7. b3 a6 8. a4 O-O 9. Bb2 Nbd7 10. f4 Nd5 11. O-O Qc7 12. Nxd7 Bxd7 13. Qg4 f6 14. Nc3 Bxf4 15. Nxd5 Bxh2+ 16. Kh1 exd5 17. Bxd5+ Kh8 18. Qh5 Bf4 19. Rae1 Qd6 20. Bxb7 Rab8 21. Bxa6 Bxd2 22. Bd3 Bh6 23. Rd1 Be8 24. Bc4 Qg3 25. Be5 Bxh5 26. Bxg3 Bxd1 27. Bxb8 Bxc2 28. Bd6 Rd8 29. Re1 f5 30. Bc7 Rc8 31. a5 Be4 32. Rd1 Bg5 33. Be5 Rd8 34. Rxd8+ Bxd8 35. a6 Bb6 36. Bb8 h6 37. Be2 Bd5 38. Bc4 Be4 39. Be2 Bd5 40. a7 Bxa7 41. Bxa7 Bxb3 42. Bxc5 Bc2 43. Kg1 Kh7 44. Kf2 f4 45. Bb5 Be4 46. Be8 g5 47. Bd6 Bd5 48. Be5 Be4 49. Bf7 Bc6 50. Bh5 Be4 51. Bf3 Bxf3 52. Kxf3 Kg6 53. Ke4 h5 54. Bd4 1/2-1/2

[Event "35th Cannes FIJ Open 2022"]
[Site "Cannes"]
[Date "2022.02.24"]
[Round "6.8"]
[White "Eugene, Floryan"]
[Black "Dimitrov, Radoslav"]
[Result "0-1"]
[ECO "B17"]
[WhiteElo "2404"]
[BlackElo "2487"]
[Annotator "RC"]
[PlyCount "56"]
[EventDate "2022.02.21"]
[EventType "swiss"]
[EventCountry "FRA"]
[SourceTitle "playchess.com"]
[Source "ChessBase"]
[SourceQuality "1"]
[TimeControl "40/5400+30:1800+30"]

1. e4 c6 2. d4 d5 3. Nd2 dxe4 4. Nxe4 Nd7 5. Bd3 Ndf6 6. Ng5 e6 7. N1f3 Bd6 8. O-O h6 9. Nxf7 Kxf7 10. Ne5+ Bxe5 11. dxe5 Nd7 12. Qh5+ Kf8 13. Qf3+ Ke7 14. Qg3 Qf8 15. f4 Nc5 16. Bg6 Kd8 17. Be3 Kc7 18. Qf2 b6 19. a4 Ne7 20. a5 Ba6 21. b4 Bxf1 22. bxc5 b5 23. Qxf1 Nxg6 24. Qd3 Nh4 25. c4 Rd8 26. Qc3 Qf5 27. cxb5 Qe4 28. b6+ Kc8 0-1

[Event "35th Cannes FIJ Open 2022"]
[Site "Cannes"]
[Date "2022.02.25"]
[Round "7.7"]
[White "Klimkowski, Jan"]
[Black "Valsecchi, Alessio"]
[Result "1-0"]
[ECO "C79"]
[WhiteElo "2350"]
[BlackElo "2524"]
[Annotator "ChessBase"]
[PlyCount "45"]
[EventDate "2022.02.21"]
[EventType "swiss"]
[EventCountry "FRA"]
[SourceTitle "playchess.com"]
[Source "ChessBase"]
[SourceQuality "1"]
[TimeControl "40/5400+30:1800+30"]

1. e4 e5 2. Nf3 Nc6 3. Bb5 a6 4. Ba4 d6 5. O-O Nf6 6. Re1 Bd7 7. c3 g6 8. d4 b5 9. Bb3 Bg7 10. Bg5 h6 11. Bh4 Qe7 12. Nbd2 Na5 13. dxe5 dxe5 14. Nxe5 Nxb3 15. Nxd7 Nxa1 16. e5 Qxd7 17. exf6+ Kf8 18. fxg7+ Kxg7 19. Bf6+ Kh7 20. Bxh8 Kxh8 21. Nf1 Qxd1 22. Rxd1 Nc2 23. Rc1 1-0